 Dungeon Crawl Stone Soup version 0.32-a0-975-g85d4e5bfdb (webtiles) character file.

Game seed: 8882955202944822652

334 inkslinger the Chopper (level 6, -18/51 HPs)
             Began as a Mountain Dwarf Fighter on Apr 18, 2024.
             Was a Priest of Beogh.
             Killed by divine providence
             ... invoked by Orkrul the orc apostle
              (19 damage)
             ... on level 3 of the Dungeon.
             The game lasted 00:05:44 (2977 turns).

inkslinger the Chopper (Mountain Dwarf Fighter)     Turns: 2977, Time: 00:05:44

Health: -18/51     AC: 11    Str: 20    XL:     6   Next: 27%
Magic:  6/6        EV:  8    Int:  9    God:    Beogh [***...]
Gold:   191        SH:  5    Dex: 12    Spells: 5/5 levels left

rFire   . . .        a - +0 war axe
rCold   . . .        c - +0 buckler
rNeg    . . .        b - +0 scale mail
rPois   .            l - +1 helmet of Untruth {Dex+3}
rElec   .            k - +1 cloak
rCorr   .            (no gloves)
SInv    .            (no boots)
Will    .....        (no amulet) Stlth
                     (no ring)
HPRegen 0.28/turn    (no ring)
MPRegen 0.10/turn

%: no passive effects
@: no status effects
A: runic magic, artefact enchanting
a: Renounce Religion, Smiting


You were on level 3 of the Dungeon.
You worshipped Beogh.
Beogh was most pleased with you.
You visited 1 branch of the dungeon, and saw 3 of its levels.
You also visited: Sewer.

You collected 191 gold pieces.

Inventory:

Hand Weapons
 a - a +0 war axe (weapon)
Missiles
 n - a boomerang (quivered)
Armour
 b - a +0 scale mail (worn)
 c - a +0 buckler (worn)
 k - a +1 cloak (worn)
 l - the +1 helmet of Untruth (worn) {Dex+3}
   (You took it off Robin on level 2 of the Dungeon)

   Dex+3:     It affects your dexterity (+3).
Wands
 p - a wand of flame (21)
Scrolls
 e - a scroll of teleportation
 g - 2 scrolls of fear
 h - a scroll of butterflies {unknown}
 i - a scroll of brand weapon
 j - a scroll of revelation
 o - a scroll of torment {unknown}
Potions
 f - a potion of cancellation


   Skills:
 - Level 3.2 Fighting
 * Level 7.0 Axes
 - Level 3.2 Armour
 - Level 5.0 Shields


You had 5 spell levels left.
You didn't know any spells.
Your spell library contained the following spells:

 Spells                   Type           Power      Damage    Failure   Level
 Sting                    Conj/Alch      0%         1d3       54%         1
 Mercury Vapours          Alch/Air       0%         N/A       67%         2
 Tukima's Dance           Hex            0%         N/A       88%         3
 Dimensional Bullseye     Hex/Tloc       0%         N/A       99%         4
 Iskenderun's Mystic Bla Conj/Tloc 0%             2d3        (+2d1     99%         4
 Olgreb's Toxic Radiance  Alch           0%         N/A       99%         4


Dungeon Overview and Level Annotations

Branches:
Dungeon (3/15)              Sewer (visited)

Altars:
Beogh


Innate Abilities, Weirdness & Mutations

Your facial features look somewhat orcish.
Your spellcasting is much less encumbered by armour.
You can use scrolls of enchantment on lesser artefacts.


Message History

You closely miss the scorpion.
The scorpion is lightly wounded.
You feel sick. The scorpion barely misses you.
You closely miss the scorpion.
The scorpion is lightly wounded.
You feel sick. You block the scorpion's attack. The scorpion stings you.
* * * LOW HITPOINT WARNING * * *
You barely miss the scorpion.
The scorpion is lightly wounded.
You feel sick.
You are no longer poisoned.
The scorpion stings you.
* * * LOW HITPOINT WARNING * * *
You slash the scorpion!
The scorpion is severely wounded.
The scorpion stings you but does no damage.
You slash the scorpion!
You kill the scorpion!
The scorpion's corpse disappears in a puff of smoke!
You closely miss the scorpion. The scorpion barely misses you.
You block the scorpion's attack.
You slash the scorpion!
The scorpion is moderately wounded.
The scorpion closely misses you.
You slash the scorpion!
The scorpion is almost dead.
The scorpion disappears in a puff of smoke!
Orkrul hits you but does no damage.
You hit Orkrul but do no damage. Orkrul closely misses you.
You hit Orkrul but do no damage. You block Orkrul's attack.
Orkrul hits you with the +8 flail "Rirumec".
* * * LOW HITPOINT WARNING * * *
Orkrul freezes you.
* * * LOW HITPOINT WARNING * * *
You hit Orkrul.
Orkrul is lightly wounded.
Orkrul calls down the wrath of Beogh upon you.
Beogh smites you!
You die...
Beogh appreciates Orkrul's killing of a heretic priest.

### #.. #.#
#.# #o# #@#
#.# #.# #.#
#.# #####.#
##.....#
#..###.#
#.~#########


You could see Orkrul the orc apostle (divinely empowered).

Vanquished Creatures
  2 bullfrogs (Sewer)
  Jessica (D:2)
  Robin (D:2)
  5 adders
  9 dart slugs
  A ribbon worm (D:2)
  An orc (D:3)
  11 ball pythons
  5 bats
  15 giant cockroaches
  10 goblins
  10 hobgoblins
  8 quokkas
  15 frilled lizards
  4 rats
98 creatures vanquished.

Notes
Turn   | Place    | Note
-------+----------+-------------------------------------------
     0 | D:1      | inkslinger the Mountain Dwarf Fighter began the quest for
                  | the Orb.
     0 | D:1      | Reached XP level 1. HP: 19/19 MP: 1/1
    94 | D:1      | Reached skill level 3 in Axes
   102 | D:1      | Reached XP level 2. HP: 26/26 MP: 2/2
   327 | D:1      | You fall into a shaft and drop 1 floor!
   335 | D:2      | Identified the +1 helmet of Untruth {Dex+3}
   335 | D:2      | Noticed Robin
   611 | D:1      | Reached XP level 3. HP: 28/31 MP: 3/3
   798 | D:1      | Found a faded altar of an unknown god.
   828 | D:1      | Prayed at the altar of an unknown god.
   828 | D:1      | Became a worshipper of Beogh the Shepherd
   828 | D:1      | Reached * piety under Beogh
   951 | D:2      | Noticed Jessica
   961 | D:2      | Reached skill level 4 in Axes
   965 | D:2      | Killed Jessica
   966 | D:2      | Reached XP level 4. HP: 3/38 MP: 4/4
  1843 | D:2      | Killed Robin
  1865 | D:2      | Reached skill level 5 in Axes
  2282 | D:3      | Reached ** piety under Beogh
  2286 | D:3      | Reached XP level 5. HP: 45/45 MP: 5/5
  2302 | D:3      | Found a glowing drain.
  2346 | Sewer    | Entered a sewer
  2625 | Sewer    | Reached *** piety under Beogh
  2649 | Sewer    | Reached skill level 6 in Axes
  2652 | Sewer    | Reached skill level 5 in Shields
  2652 | Sewer    | Reached XP level 6. HP: 45/51 MP: 6/6
  2670 | Sewer    | Reached skill level 7 in Axes
  2947 | D:3      | Identified the +8 flail "Rirumec" {freeze, rC- rN++ Str+3
                  | Int+3}
  2947 | D:3      | Identified the +3 ring mail of Magic {Harm Fly Regen+
                  | Str-2}
  2947 | D:3      | Noticed Orkrul
  2976 | D:3      | HP: 1/51 [Orkrul the orc apostle/the +8 flail "Rirumec"
                  | {freeze, rC- rN++ Str+3 Int+3} (2)]
  2977 | D:3      | Killed from afar by Orkrul the orc apostle

Illustrated notes

Levels and vault maps discovered:
D:1:      lemuel_arrival_cross, layout_basic, ebering_ecumenical_altar_ruins
D:2:      layout_basic, uniq_jessica, uniq_robin
D:3:      layout_basic, serial_curves, eino_curves_02, eino_curves_02,
          eino_curves_02, eino_curves_03, gup_sewer_entry_pipe,
          due_unseen_surprise

Skill      XL: |  1  2  3  4  5  6 |
---------------+-------------------+-----
Axes           | 3 4 5 6 7 |  7.0
Shields        | 4 5 |  5.0
Fighting       | |  3.2
Armour         | |  3.2

Action                     |  1- 3 |  4- 6 || total
---------------------------+-------+-------++-------
  Melee: War axe           |    84 |   203 ||   287
  Throw: Boomerang         |       |    58 ||    58
  Evoke: Wand              |       |     1 ||     1
    Use: Scroll            |     2 |     7 ||     9
         Potion            |     1 |     5 ||     6
 Armour: Scale mail        |    78 |   195 ||   273
  Dodge: Dodged            |    73 |    89 ||   162
  Block: Buckler           |    29 |    54 ||    83

Table legend: (Time is in decaauts)
 A = Elapsed time spent in this place.
 B = Non-inter-level travel time spent in this place.
 C = Inter-level travel time spent in this place.
 D = Time resting spent in this place.
 E = Time spent auto-exploring this place.
 F = Levels seen in this place.
 G = Mean time per level.
                   A        B        C        D        E       F      G
               +--------+--------+--------+--------+--------+-----+--------+
         Total |   3161 |   3115 |     46 |    388 |   1838 |   4 |  790.2 |
       Dungeon |   2477 |   2431 |     46 |    388 |   1381 |   3 |  825.7 |
         Sewer |    683 |    683 |      0 |      0 |    456 |   1 |  683.0 |
               +--------+--------+--------+--------+--------+-----+--------+

Top non-repeatable levels by time:
     D:2: 1054 daAuts
     D:1: 925 daAuts
   Sewer: 683 daAuts
     D:3: 498 daAuts
